 Dungeon Crawl Stone Soup version bcrawl-1.13.2 (webtiles) character file.

Game seed: 5518152400866916287

56 Chiseanne the Sneak (level 3, -3/29 HPs)
             Began as a Demonspawn Archaeologist on Aug 12, 2019.
             Slain by a goblin
             ... wielding a +0 club
             ... led by Robin
              (6 damage)
             ... on level 2 of the Dungeon.
             The game lasted 00:01:41 (1305 turns).

Chiseanne the Sneak (Demonspawn Archaeologist)      Turns: 1305, Time: 00:01:42

Health: -3/29      AC:  8    Str: 11    XL:     3   Next: 69%
Magic:  3/3        EV: 13    Int: 15    God:
Gold:   51         SH:  0    Dex: 12    Spells: 2/2 levels left

rFire    . . .     SeeInvis .   i - +0 short sword
rCold    . . .     Gourm    .   (no shield)
rNeg     . . .     Faith    .   b - +1 robe
rPois    .         Spirit   .   c - +1 hat
rElec    .         Reflect  .   (no cloak)
rCorr    .         Harm     .   (no gloves)
MR       .....                  d - +1 pair of boots
Stlth    ++........             (no amulet)
HPRegen  0.09/turn              (no ring)
MPRegen  0.08/turn              (no ring)

@: about to teleport, studying Stealth
A: thin metallic scales 1, powered by death 1
a: no special abilities


You were on level 2 of the Dungeon.
You were hungry.

You visited 1 branch of the dungeon, and saw 2 of its levels.

You collected 51 gold pieces.

Inventory:

Hand Weapons
 i - a +0 short sword (weapon)
 k - a +1 dagger of venom
Missiles
 h - 454 stones (quivered)
Armour
 b - a +1 robe (worn)
 c - a +1 hat (worn)
 d - a +1 pair of boots (worn)
Scrolls
 a - a scroll of amnesia
 m - a scroll of enchant armour {unknown}
 n - a scroll of noise {unknown}
Books
 e - a manual of Stealth
Miscellaneous
 f - an ancient crate
Comestibles
 g - 8 rations {!d}
 j - a chunk of flesh


   Skills:
 - Level 3.0 Fighting
   Level 0.8 Maces & Flails
 - Level 2.6 Dodging
 + Level 4.2 Stealth


You had 2 spell levels left.
You didn't know any spells.
Your spell library was empty.

Dungeon Overview and Level Annotations

Branches:
Dungeon (2/12)

Altars:

Annotations:
D:2 Robin


Innate Abilities, Weirdness & Mutations

You are partially covered in thin metallic scales. (AC +2)
You regenerate a little health from kills.


Message History

You hit the goblin.
The goblin is moderately wounded.
The goblin hits you but does no damage. The goblin barely misses you.
The goblin hits you with a +0 club!
* * * LOW HITPOINT WARNING * * *
The goblin closely misses you. The goblin hits you but does no damage.
The goblin hits you with a +0 dagger.
* * * LOW HITPOINT WARNING * * *
As you read the scroll labeled DIMAN LUAFF, it crumbles to dust.
It is a scroll of amnesia.
You feel forgetful for a moment. The goblin completely misses you.
The goblin closely misses you. The goblin completely misses you. x2
The goblin closely misses you.
Robin laughs in a distinctly smug fashion.
You aren't carrying any potions.
As you read the scroll labeled KEEWKA WIONUWN, it crumbles to dust.
You feel strangely unstable.
It was a scroll of teleportation.
The goblin misses you. The goblin hits you but does no damage.
The goblin hits you with a +0 club.
You die...

......÷######.##.....#
............#+##.........
.......#........#....####
...#####........#....#
... #........#....# ##
#........##...# #
#...÷....# #.....
#.......g###.....
####....g@ggg>...
#<#.##ggg.....
#####.#.##ggg.....
#.....#.##........
#.#####†##........ #.#
#.##........ #####.#
#.##........ #.....#
#.######...# #.##### #.#


You could see Robin, 3 hobgoblins and 7 goblins.

Vanquished Creatures
  An adder (D:2)
  A worm (D:2)
  A dart slug (D:1)
  2 leopard geckos (D:1)
  A bat (D:1)
  A giant cockroach (D:1)
  4 goblins
  8 hobgoblins
  3 jackals (D:2)
  A ball python (D:1)
  2 frilled lizards
  7 kobolds (D:1)
  2 rats (D:1)
34 creatures vanquished.

Notes
Turn   | Place    | Note
-------+----------+-------------------------------------------
     0 | D:1      | Chiseanne the Demonspawn Archaeologist began the quest for
                  | the Orb.
     0 | D:1      | Reached XP level 1. HP: 15/15 MP: 1/1
   211 | D:1      | Gained mutation: You are partially covered in thin metallic
                  | scales. (AC +2) [demonic ancestry]
   211 | D:1      | Reached XP level 2. HP: 22/22 MP: 2/2
   568 | D:1      | Gained mutation: You regenerate a little health from kills.
                  | [demonic ancestry]
   568 | D:1      | Reached XP level 3. HP: 19/29 MP: 3/3
  1214 | D:2      | Reached skill level 4 in Stealth
  1293 | D:2      | Noticed Robin
  1305 | D:2      | Slain by a goblin

Skill      XL: |  1  2  3 |
---------------+----------+-----
Fighting       | 2 3 |  3.0
Stealth        | 4 |  4.2
Maces & Flails | |  0.8
Dodging        | |  2.6

Action                   || total
-------------------------++-------
Melee: Short sword       ||   147
       Whip              ||    14
  Use: Scroll            ||     2
 Stab: Sleeping          ||     2
  Eat: Chunk             ||     1
Armor: Robe              ||    81
Dodge: Dodged            ||   133
